 Dungeon Crawl Stone Soup version 0.22-a0-157-g169b76a (webtiles) character file.

365 mhoghedin the Conjurer (level 6, -1/32 HPs)
             Began as a Deep Elf Conjurer on Feb 8, 2018.
             Killed from afar by Sigmund (4 damage)
             ... with a magic dart
             ... on level 3 of the Dungeon.
             The game lasted 00:05:48 (2741 turns).

mhoghedin the Conjurer (Deep Elf Conjurer)          Turns: 2741, Time: 00:05:49

Health: -1/32      AC:  2    Str:  2 (5)  XL:     6   Next: 40%
Magic:  0/16       EV: 14    Int: 20 (22) God:
Gold:   246        SH:  0    Dex: 14 (15) Spells: 1/15 levels left

rFire    . . .     SeeInvis .   f - +0 dagger
rCold    . . .     Gourm    .   (no shield)
rNeg     . . .     Faith    .   a - +0 robe
rPois    .         Spirit   .   (no helmet)
rElec    .         Reflect  .   (no cloak)
rCorr    .         Harm     .   (no gloves)
MR       .....                  (no boots)
Stlth    ++........             (no amulet)
HPRegen  0.10/turn              k - ring of flight {+Fly, !d}
MPRegen  0.15/turn              (no ring)

@: flying (expiring), very slightly contaminated
A: no striking features
a: no special abilities


You were on level 3 of the Dungeon.
You were hungry.

You visited 1 branch of the dungeon, and saw 3 of its levels.

You collected 246 gold pieces.

Inventory:

Hand Weapons
 f - a +0 dagger (weapon)
   (You took it off a goblin on level 1 of the Dungeon)
Armour
 a - a +0 robe (worn)
Jewellery
 k - a ring of flight (left hand) {+Fly, !d}
   (You found it on level 2 of the Dungeon)
Scrolls
 d - 2 scrolls of remove curse
 i - a scroll of magic mapping {!r}
Potions
 l - a potion of heal wounds
Books
 b - a book of Conjurations
Comestibles
 c - 7 rations
 n - 3 chunks of flesh {@w0}


   Skills:
 + Level 4.8 Dodging
 - Level 2.4 Stealth
 + Level 5.4 Spellcasting
 + Level 5.8 Conjurations
 + Level 3.1 Hexes


You had one spell level left.
You knew the following spells:

 Your Spells              Type           Power        Failure   Level  Hunger
a - Magic Dart            Conj           ####         1%          1    None
b - Searing Ray           Conj           ####..       1%          2    None
c - Dazzling Spray        Conj/Hex       ###...       5%          3    ##.....
d - Fulminant Prism       Conj/Hex       ###.......   17%         4    ####...
x - Iskenderun's Mystic   Conj           ####....     10%         4    ####...


Dungeon Overview and Level Annotations

Branches:
Dungeon (3/15)

Altars:
Okawaru

Annotations:
D:3 Sigmund


Message History

You now have 1/16 mp.
The searing ray hits Sigmund.
You now have 0/16 mp.
You aren't carrying any items that you can evoke.
You see here a frilled lizard corpse.
You butcher the frilled lizard corpse.
You see here a chunk of flesh {@w0}.
Sigmund is no longer blind.
Sigmund casts a spell at you.
You are confused.
Unknown command.
You bump into the rock wall.
You bump into the rock wall.
You feel less confused.
Aim: Sigmund, wielding a scythe and wearing a robe (almost dead)
The magic dart hits Sigmund.
Sigmund drinks a potion.
Sigmund is healed!
You now have 1/16 mp.
It was a potion of flight.
You feel very buoyant.
You fly up into the air.
It was a potion of degeneration.
There was something very wrong with that liquid.
You feel weakened.
You feel dopey.
You feel clumsy.
Unknown command.
You feel much better. Sigmund casts a spell at you.
The puff of flame misses you.
Health restored: 32 Some of the chunks of flesh in your inventory have rotted away.
Sigmund gestures at you while chanting. You resist with some effort.
Aim: Sigmund, wielding a scythe and wearing a robe (lightly wounded)
The spray of energy misses Sigmund.
Sigmund gestures at you while chanting. You resist with some effort.
You now have 0/16 mp.
Sigmund points at you and mumbles some strange words.
The magic dart hits you!
You take 3 damage, and have 29/32 hp.
Sigmund points at you and mumbles some strange words.
You are confused.
Unknown command.
You feel better.
Health restored: 32 Sigmund casts a spell at you.
You are confused.
Unknown command.
Sigmund gestures at you while chanting.
You are more confused.
Unknown command.
You're too confused to move!
Sigmund gestures at you while chanting. The magic dart hits you!
You take 7 damage, and have 25/32 hp.
MASSIVE DAMAGE!!
You bump into the rock wall.
Sigmund points at you and mumbles some strange words.
The magic dart hits you!
You take 6 damage, and have 19/32 hp.
You're too confused to cast spells.
You bump into the rock wall.
Sigmund points at you and mumbles some strange words.
The puff of flame hits you!
You take 7 damage, and have 13/32 hp.
MASSIVE DAMAGE!!
Unknown command.
You're too confused to move!
You bump into the rock wall.
You feel less confused.
Aim: Sigmund, wielding a scythe and wearing a robe (lightly wounded)
The spray of energy hits Sigmund.
Sigmund is dazzled.
Sigmund closely misses you.
You now have 1/16 mp.
You are starting to lose your buoyancy.
As you read the scroll labeled GYL AQYFIOJ, it crumbles to dust.
You feel blessed for a moment.
It was a scroll of remove curse.
As you read the scroll labeled DACUSTAWKEIRGH, it crumbles to dust.
The air around you briefly surges with heat, but it dissipates.
It was a scroll of immolation.
Blink to where?
You are very lightly contaminated with residual magic.
As you read the scroll labeled FOEBUH MOE, it crumbles to dust.
It was a scroll of blinking.
As you read the scroll labeled PIMOYCL WO KOPN, it crumbles to dust.
You assume a fearsome visage.
Nothing appears to happen.
It was a scroll of fear.
Sigmund hits you from afar with a scythe!
* * * LOW HITPOINT WARNING * * *
You take 11 damage, and have 3/32 hp.
MASSIVE DAMAGE!!
Unknown command.
Aim: Sigmund, wielding a scythe and wearing a robe (moderately wounded)
The spray of energy misses Sigmund.
Sigmund gestures at you while chanting. The magic dart hits you!
You die...

#.#...⌠...#
#.#.......#
#.#.......#
#.#.......#
#.#.......#
#.#....(..#
#.#.......#
#.#.......#
#.#.#.@.#.#
#.####.####
#.# #@#.#
#.####.####
#@#..@#...#
#.#..#.#..#
#.####.####
#(.@..@#
########


You could see Sigmund.

Vanquished Creatures
  An ogre (D:3)
  A howler monkey (D:3)
  A hound (D:3)
  2 orc wizards (D:3)
  A gnoll (D:1)
  7 adders
  2 oozes (D:3)
  6 worms
  A dart slug (D:3)
  A leopard gecko (D:1)
  3 orcs (D:3)
  A giant cockroach (D:2)
  2 hobgoblins
  5 jackals (D:3)
  A quokka (D:3)
  A ball python (D:3)
  5 bats
  5 frilled lizards
  10 goblins
  6 kobolds
  3 rats
65 creatures vanquished.

Notes
Turn   | Place    | Note
-------+----------+-------------------------------------------
     0 | D:1      | mhoghedin the Deep Elf Conjurer began the quest for the Orb.
     0 | D:1      | Reached XP level 1. HP: 10/10 MP: 6/6
   181 | D:1      | Reached XP level 2. HP: 6/15 MP: 0/8
   410 | D:1      | Learned a level 2 spell: Searing Ray
   533 | D:1      | Reached skill level 3 in Dodging
  1062 | D:2      | Found an iron altar of Okawaru.
  1069 | D:2      | Reached XP level 3. HP: 19/19 MP: 7/10
  1355 | D:2      | Reached skill level 4 in Spellcasting
  1464 | D:3      | Reached skill level 5 in Conjurations
  1515 | D:3      | Learned a level 3 spell: Dazzling Spray
  1577 | D:3      | Reached XP level 4. HP: 17/24 MP: 3/12
  1590 | D:3      | HP: 4/24 [orc wizard/magic dart (4)]
  1592 | D:3      | Reached skill level 1 in Hexes
  1773 | D:3      | Reached skill level 4 in Dodging
  1773 | D:3      | Reached XP level 5. HP: 18/28 MP: 9/14
  1902 | D:3      | Reached skill level 2 in Hexes
  1953 | D:3      | Learned a level 4 spell: Iskenderun's Mystic Blast
  2112 | D:3      | Noticed an ogre
  2132 | D:3      | Killed an ogre
  2132 | D:3      | Reached skill level 5 in Spellcasting
  2132 | D:3      | Reached XP level 6. HP: 28/32 MP: 4/15
  2473 | D:3      | Reached skill level 3 in Hexes
  2631 | D:3      | Learned a level 4 spell: Fulminant Prism
  2670 | D:3      | Noticed Sigmund
  2740 | D:3      | HP: 3/32 [Sigmund/scythe (12)]
  2741 | D:3      | Killed from afar by Sigmund

Vault maps used:
D:1:      dpeg_arrival_boxes_within_box, serial_park_tiny_1,
          minmay_misc_feat_tower, item_on_display_b
D:2:      first_ration, minivault_4, okawaru_metal_pillars_1_2
D:3:      wad_rectangle_vault, uniq_sigmund

Skill      XL: |  1  2  3  4  5  6 |
---------------+-------------------+-----
Dodging        | 3 4 |  4.8
Spellcasting   | 4 5 |  5.4
Conjurations   | 5 |  5.8
Hexes          | 1 2 3 |  3.1
Stealth        | |  2.4

Action                   |  1- 3 |  4- 6 || total
-------------------------+-------+-------++-------
Melee: Dagger            |       |     8 ||     8
 Cast: Magic Dart        |    53 |    30 ||    83
       Searing Ray       |     6 |    15 ||    21
       Dazzling Spray    |     1 |     9 ||    10
  Use: Scroll            |       |     7 ||     7
       Potion            |       |     4 ||     4
  Eat: Chunk             |     1 |     4 ||     5
Armor: Robe              |     1 |       ||     1
Dodge: Dodged            |     3 |    16 ||    19

Table legend:
 A = Spawn XP
 B = Non-spawn XP
 C = Spawn XP percentage of total XP
 D = Spawn monster count
 E = Non-spawn monster count
 F = Spawn count percentage of total count
 G = Total turns spent on level
                    A         B        C        D         E        F      G
               +---------+---------+-------+---------+---------+-------+---------
         Total |       0 |     522 |   0.0 |       0 |      65 |   0.0 |  2741
               +---------+---------+-------+---------+---------+-------+---------
           D:1 |       0 |      32 |   0.0 |       0 |      12 |   0.0 |   901
           D:2 |       0 |      44 |   0.0 |       0 |      17 |   0.0 |   553
           D:3 |       0 |     446 |   0.0 |       0 |      36 |   0.0 |  1287
               +---------+---------+-------+---------+---------+-------+---------

Vault maps used:
D:1:      dpeg_arrival_boxes_within_box, serial_park_tiny_1,
          minmay_misc_feat_tower, item_on_display_b
D:2:      first_ration, minivault_4, okawaru_metal_pillars_1_2
D:3:      wad_rectangle_vault, uniq_sigmund

Table legend:
 A = Turns spent in this place as a percentage of turns spent in the entire game.
 B = Non-inter-level travel turns spent in this place as a percentage of non-inter-level travel turns spent in the entire game.
 C = Inter-level travel turns spent in this place as a percentage of turns spent in this place.
 D = Turns resting spent in this place as a percentage of non-inter-level travel turns spent in this place.
 E = Turns spent auto-exploring this place as a percentage of non-inter-level travel turns spent in this place.
 F = Non-inter-level travel turns spent in this place divided by the number of levels of this place that you've seen.
                   A       B       C       D       E      F
               +-------+-------+-------+-------+-------+----------------------
         Total | 100.0 | 100.0 |   2.2 |  40.0 |  44.6 | 894.0
       Dungeon | 100.0 | 100.0 |   2.2 |  40.0 |  44.6 | 894.0
               +-------+-------+-------+-------+-------+----------------------

Table legend:
 A = Kills in this place as a percentage of kills in entire the game.
 B = Kills by you in this place as a percentage of kills by you in the entire game.
 C = Kills by friends in this place as a percentage of kills by friends in the entire game.
 D = Other kills in this place as a percentage of other kills in the entire game.
 E = Experience gained in this place as a percentage of experience gained in the entire game.
 F = Experience gained in this place divided by the number of levels of this place that you have seen.
                   A       B       C       D       E      F
               +-------+-------+-------+-------+-------+----------------------
         Total | 100.0 | 100.0 |   N/A |   N/A | 100.0 | 174.0
       Dungeon | 100.0 | 100.0 |   N/A |   N/A | 100.0 | 174.0
               +-------+-------+-------+-------+-------+----------------------
